 Dungeon Crawl Stone Soup version 0.27-a0-1071-ga85bd9520d (webtiles) character file.

Game seed: 5238862940248268469

488211 HoaS the Slayer (level 24, -6/168 HPs)
             Began as a Gargoyle Gladiator on Apr 22, 2021.
             Was the Champion of Okawaru.
             Splashed by a deep elf sorcerer's acid (10 damage)
             ... on level 3 of the Elven Halls on Apr 24, 2021.
             The game lasted 02:45:15 (56131 turns).

HoaS the Slayer (Gargoyle Gladiator)               Turns: 56131, Time: 02:45:15

Health: -6/168     AC: 59    Str: 32    XL:     24   Next: 99%
Magic:  30/30      EV: 22    Int: 14    God:    Okawaru [******]
Gold:   1939       SH:  0    Dex: 18    Spells: 23/23 levels left

rFire    . . .     SeeInvis +   e - +9 longbow (flame)
rCold    . . .     Faith    .   (shield currently unavailable)
rNeg     + + +     Spirit   .   z - +10 plate armour of Okawaru's Inspiration {rN+ Will++}
rPois    ∞         Reflect  .   P - +2 helmet {SInv}
rElec    +         Harm     .   S - +1 cloak of Gestures {Will+ Int+3}
rCorr    .         Rampage  .   m - +1 pair of gloves of the Devil's Team {Str+3 Dex+4}
Will     +++++                  Q - +1 pair of boots of Oxyt {Drain rN+ Str+4 SInv}
Stlth    ..........             H - amulet of regeneration
HPRegen  1.38/turn              n - +4 ring of evasion
MPRegen  0.22/turn              d - ring of willpower

@: about to teleport, flying
A: AC +18, big wings, negative energy resistance 1, electricity resistance,
torment resistance 1, unbreathing 1, petrification resistance
}: 2/15 runes: decaying, gossamer
a: Renounce Religion, Heroism, Finesse


You were on level 3 of the Elven Halls.
You worshipped Okawaru.
Okawaru was exalted by your worship.
You visited 8 branches of the dungeon, and saw 43 of its levels.
You also visited: Bailey and Ice Cave.

You collected 8308 gold pieces.
You spent 6369 gold pieces at shops.

Inventory:

Hand Weapons
 e - a +9 longbow of flaming (weapon)
 q - the +6 quarterstaff of the Toadstool {speed, rN+ Str+6 Int-2}
   (Okawaru gifted it to you on level 2 of the Spider Nest)

   Attacks with this weapon are significantly faster.
   It affects your strength (+6).
   It affects your intelligence (-2).
   It protects you from negative energy.
 w - a +3 lajatang of speed
Missiles
 g - 1377 arrows (quivered ammo)
Armour
 j - the +0 cloak of Death Resistance {rC+ rN+ Dex+2}
   (You found it on level 4 of the Lair of Beasts)

   It affects your dexterity (+2).
   It protects you from cold.
   It protects you from negative energy.
 m - the +1 pair of gloves of the Devil's Team (worn) {Str+3 Dex+4}
   (You bought it in a shop on level 2 of the Orcish Mines)

   It affects your strength (+3).
   It affects your dexterity (+4).
 z - the +10 plate armour of Okawaru's Inspiration (worn) {rN+ Will++}
   (Okawaru gifted it to you on level 2 of the Orcish Mines)

   It protects you from negative energy.
   It greatly increases your willpower.
 B - a +5 crystal plate armour of cold resistance
 P - a +2 helmet of see invisible (worn)
 Q - the +1 pair of boots of Oxyt (worn) {Drain rN+ Str+4 SInv}
   (You found it on level 3 of the Vaults)

   It affects your strength (+4).
   It protects you from negative energy.
   It lets you see invisible.
   It drains your maximum health when unequipped.
 S - the +1 cloak of Gestures (worn) {Will+ Int+3}
   (Okawaru gifted it to you on level 3 of the Elven Halls)

   It affects your intelligence (+3).
   It increases your willpower.
Jewellery
 a - a +4 ring of protection
 b - a ring of protection from fire
 d - a ring of willpower (right hand)
 n - a +4 ring of evasion (left hand)
 u - a +6 ring of dexterity
 x - a ring of resist corrosion
 y - a +6 ring of strength
 G - a ring of protection from cold
 H - an amulet of regeneration (around neck)
 K - a +6 ring of strength
 L - a +6 ring of dexterity
 N - a ring of protection from fire
Wands
 A - a wand of digging (14)
 R - a wand of acid (25)
Scrolls
 c - 6 scrolls of fear
 h - 15 scrolls of identify
 i - 17 scrolls of teleportation
 o - a scroll of summoning
 E - 2 scrolls of blinking
 I - 3 scrolls of magic mapping
 M - a scroll of holy word
 O - 4 scrolls of silence
 T - 3 scrolls of fog
Potions
 f - 2 potions of berserk rage
 k - 4 potions of cancellation
 l - 3 potions of resistance
 p - 17 potions of curing
 r - 7 potions of mutation
 s - 6 potions of heal wounds
 t - 3 potions of might
 v - 10 potions of ambrosia
 C - 6 potions of invisibility
 D - 7 potions of haste
 F - 5 potions of attraction
 J - 10 potions of lignification


   Skills:
 * Level 21.6 Fighting
 - Level 14.0 Staves
 - Level 20.0 Bows
 - Level 1.7 Throwing
 + Level 19.6 Armour
 + Level 17.7 Dodging
 - Level 10.0 Invocations


You had 23 spell levels left.
You didn't know any spells.
Your spell library contained the following spells:

 Spells                   Type           Power      Damage    Failure   Level
 Animate Skeleton         Necr           0%         N/A       73%         1
 Apportation              Tloc           0%         N/A       73%         1
 Beastly Appendage        Tmut           0%         N/A       73%         1
 Corona                   Hex            0%         N/A       73%         1
 Foxfire                  Conj/Fire      0%         2x1d4     73%         1
 Sandblast                Erth           0%         2d4       73%         1
 Shock                    Conj/Air       0%         1d3       73%         1
 Summon Small Mammal      Summ           0%         N/A       73%         1
 Call Imp                 Summ           0%         N/A       86%         2
 Corpse Rot               Necr/Air       N/A        N/A       86%         2
 Passwall                 Tmut/Erth      0%         N/A       86%         2
 Poisonous Vapours        Pois/Air       0%         N/A       86%         2
 Slow                     Hex            0%         N/A       86%         2
 Static Discharge         Conj/Air       0%         N/A       86%         2
 Wereblood                Tmut           0%         N/A       86%         2
 Call Canine Familiar     Summ           0%         N/A       97%         3
 Confusing Touch          Hex            0%         N/A       97%         3
 Conjure Flame            Conj/Fire      0%         6-21      97%         3
 Gell's Gravitas          Tloc           0%         N/A       97%         3
 Inner Flame              Hex/Fire       0%         N/A       97%         3
 Lesser Beckoning         Tloc           0%         N/A       97%         3
 Mephitic Cloud           Conj/Pois/Air  0%         N/A       97%         3
 Portal Projectile        Hex/Tloc       0%         N/A       97%         3
 Spider Form              Tmut/Pois      0%         N/A       97%         3
 Stone Arrow              Conj/Erth      0%         3d7       97%         3
 Summon Guardian Golem    Hex/Summ       0%         N/A       97%         3
 Swiftness                Air            0%         N/A       97%         3
 Tukima's Dance           Hex            0%         N/A       97%         3
 Airstrike                Air            0%         N/A       100%        4
 Cause Fear               Hex            0%         N/A       100%        4
 Dispel Undead            Necr           0%         3d6       100%        4
 Ice Form                 Ice/Tmut       0%         N/A       100%        4
 Leda's Liquefaction      Hex/Erth       0%         N/A       100%        4
 Petrify                  Tmut/Erth      0%         N/A       100%        4
 Sticky Flame             Conj/Fire      0%         2d3       100%        4
 Summon Ice Beast         Ice/Summ       0%         N/A       100%        4
 Summon Lightning Spire   Summ/Air       0%         N/A       100%        4
 Agony                    Necr           0%         N/A       100%        5
 Alistair's Intoxication  Tmut/Pois      0%         N/A       100%        5
 Excruciating Wounds      Necr           0%         N/A       100%        5
 Fireball                 Conj/Fire      0%         3d3       100%        5
 Hydra Form               Tmut           0%         N/A       100%        5
 Irradiate                Conj/Tmut      0%         3d13      100%        5
 Lee's Rapid Deconstruct  Erth           0%         3d5*      100%        5
 Lightning Bolt           Conj/Air       0%         1d11      100%        5
 Metabolic Englaciation   Hex/Ice        0%         N/A       100%        5
 Silence                  Hex/Air        0%         N/A       100%        5
 Yara's Violent Unravell  Hex/Tmut       0%         3d3       100%        5
 Blade Hands              Tmut           0%         N/A       100%        6
 Conjure Ball Lightning   Conj/Air       0%         3x3d6     100%        6
 Freezing Cloud           Conj/Ice/Air   0%         6-21      100%        6
 Invisibility             Hex            0%         N/A       100%        6
 Dragon Form              Tmut           0%         N/A       100%        7
 Discord                  Hex            0%         N/A       100%        8
 Ignition                 Fire           0%         3d3       100%        8
 Dragon's Call            Summ           0%         N/A       100%        9
 Shatter                  Erth           0%         3d5*      100%        9
 Tornado                  Air            0%         N/A       100%        9
 Sublimation of Blood     Necr           Unusable   N/A       N/A         2
 Statue Form              Tmut/Erth      Unusable   N/A       N/A         6

Dungeon Overview and Level Annotations

Branches:
Dungeon (15/15)            Temple (0/1) D:7            Lair (6/6) D:8
  Swamp (4/4) Lair:2       Spider (4/4) Lair:2        Slime (0/5) Lair:6
    Orc (2/2) D:9             Elf (3/3) Orc:2        Vaults (4/5) D:14
  Crypt (0/3) Vaults:2     Depths (5/5) D:15            Zot (0/5) Depths:5
 Bailey (visited)           IceCv (visited)

Altars:
Dithmenos
Elyvilon
Gozag
Hepliaklqana
Kikubaaqudgha
Makhleb
Okawaru
Qazlal
Ru
Sif Muna
Uskayaw
Vehumet
Wu Jian
Xom
Zin
The Shining One
Beogh
Jiyva

Shops:
D:1 (   D:4 !(   D:10 *   D:14 [   Orc:2 **?=[   Elf:2 *   Depths:1 ==:
Depths:4 *:

Portals:
Hell: Depths:1 Depths:2 Depths:3 Depths:4 Depths:5
Abyss: Depths:1 Depths:4
Pandemonium: Depths:3
Ziggurat: Depths:1
Trove: Vaults:1 (give +5 ice dragon scales)

Annotations:
Vaults:1 36 runed doors
Depths:1 3 runed translucent doors, Ifebehot's ghost, adept DDFi


Innate Abilities, Weirdness & Mutations

Your stone body is resilient. (AC +18)
You are immune to poison.
Your large and strong wings let you fly.
You resist negative energy. (rN+)
You are resistant to electric shocks. (rElec)
You are resistant to unholy torment.
You can survive without breathing.
You are immune to petrification.


Message History

The arrow barely misses the deep elf demonologist.
The arrow hits the deep elf high priest!
The arrow burns the deep elf high priest.
The deep elf high priest is heavily wounded.
A deep elf death mage comes into view.
It is wielding a +2 long sword of electrocution.
The deep elf high priest calls down the wrath of its god upon you.
Something smites you!
You shoot an arrow.
The arrow hits the deep elf demonologist!
The arrow burns the deep elf demonologist.
You kill the deep elf demonologist!
Okawaru accepts your kill.
The blizzard demon disappears in a puff of smoke!
The orange demon disappears in a puff of smoke!
The deep elf sorcerer gestures wildly while chanting.
The deep elf sorcerer seems to speed up.
The deep elf high priest calls down the wrath of its god upon you.
Something smites you!
You shoot an arrow.
The arrow hits the deep elf high priest!!
The arrow burns the deep elf high priest.
The deep elf high priest is almost dead.
The deep elf death mage beckons forth a restless soul!
A deep elf sorcerer comes into view. It is wielding a +0 short sword.
As you read the scroll of teleportation, it crumbles to dust.
You feel strangely unstable.
The deep elf high priest calls down the wrath of its god upon you.
The sphere of damnation explodes!
The damnation engulfs you!!
You hear a shout! x2
The deep elf high priest intones a terrible prayer.
The deep elf high priest mumbles some strange prayers to its god against you.
Something smites you!
The deep elf sorcerer casts a spell at you.
The sphere of damnation explodes!
The damnation engulfs you!!
* * * LOW HITPOINT WARNING * * *
The deep elf sorcerer casts a spell at you.
The bolt of acid hits you!!
* * * LOW HITPOINT WARNING * * *
You are splashed with acid!
You die...

..........#..# .......#..#...#
..........#..# .......#..#...#
..........#..# .......'..'...#
..........#..# .......#..#...#
..........#..+ .......#..#...#
.....)....#..# .......#..#...#
###########..##########..#...#
.........................#...#
................@........#...#
'###########..'.##########...#
................(.$...
............(.e.......
..............)e......
##############(####### (e§ ..e
§.e


You could see a deep elf sorcerer (fast, empowered) and 2 deep elf high priests.

Vanquished Creatures
  Mara (Spider:4)
  2 juggernauts
  the Lernaean hydra (Swamp:4)
  Bai Suzhen (D:15)
  7 caustic shrikes (Depths:4)
  Jory (Vaults:2)
  2 golden dragons
  A bone dragon (Vaults:2)
  4 tentacled monstrosities
  Jorgrun (Spider:2)
  A lich (Depths:5)
  A deep elf blademaster (Elf:2)
  2 titans
  4 sphinxes
  A thorn hunter (Swamp:4)
  Kirke (D:14)
  Agnes (D:15)
  3 tengu reavers
  4 shadow dragons
  A fenstrider witch (Swamp:1)
  3 fire giants
  3 iron dragons
  5 frost giants
  12 vault wardens
  A ghost moth (shapeshifter) (Depths:2)
  The ghost of Fautt the Convoker, an adept DESu of Sif Muna (D:15)
  2 orc warlords (Vaults:1)
  Louise (Spider:4)
  3 deep elf sorcerers
  5 emperor scorpions
  Aizul (Elf:2)
  A draconian scorcher (Depths:5)
  4 ghost moths
  18 ironbound preservers
  A draconian shifter (Depths:5)
  2 deep elf elementalists
  5 stone giants
  4 spriggan defenders
  A war gargoyle (Vaults:4)
  21 very ugly things
  2 deep elf demonologists (Elf:3)
  A green draconian (Depths:5)
  9 entropy weavers
  Azrael (Elf:2)
  A white draconian (Depths:5)
  4 dire elephants (Vaults:2)
  3 bunyips
  3 red draconians
  6 ettins
  Snorg (Orc:1)
  A purple draconian (Depths:5)
  2 green deaths (Swamp:4)
  16 spark wasps
  11 fire dragons
  3 shambling mangroves
  3 eleionomae
  2 crystal guardians (Vaults:4)
  11 great orbs of eyes
  12 yaktaur captains
  4 deep elf high priests
  2 hell beasts
  6 ice dragons
  Erolcha (Orc:1)
  11 vault guards
  3 ironbound thunderhulks
  2 ghost crabs
  A rakshasa (Depths:2)
  4 catoblepae
  An ogre mage (D:15)
  A peacekeeper (Vaults:4)
  9 ironbound frosthearts
  7 spriggan air magi
  8 boulder beetles
  32 hydras
  9 centaur warriors
  21 dancing weapons
  A death knight (D:14)
  8 alligators
  2 vampire magi
  2 deep troll shamans (Depths:5)
  A hell hog (Depths:1)
  A deep troll earth mage (Depths:4)
  13 two-headed ogres
  6 ironbound beastmasters
  2 thrashing horrors (Swamp:4)
  21 death yaks
  7 spriggan berserkers
  Urug (D:10)
  17 spriggans
  7 tengu warriors
  Sonja (Orc:1)
  A soul eater (Depths:1)
  11 hell knights
  13 deep elf knights
  9 skeletal warriors
  A salamander mystic (Depths:1)
  A fire crab (shapeshifter) (Elf:3)
  A glowing orange brain (Depths:5)
  An iron troll (Depths:5)
  3 goliath frogs
  42 deep trolls
  A shadow demon (Depths:3)
  6 spriggan druids
  A quicksilver dragon simulacrum (Depths:1)
  2 lindwurms
  2 phantasmal warriors
  A swamp dragon (shapeshifter) (Depths:4)
  An obsidian statue (D:9)
  3 necromancers
  7 bog bodies
  10 wizards
  17 orc knights
  2 swamp dragons
  32 deep elf pyromancers
  29 deep elf zephyrmancers
  23 wolf spiders
  45 ugly things
  7 deep elf archers
  14 ironbound convokers
  An orc sorcerer (Elf:1)
  22 orb spiders
  4 cyclopes
  7 manticores
  A stone giant zombie (Depths:1)
  4 oklob plants (Lair:6)
  38 slime creatures
  6 will-o-the-wisps
  A salamander (shapeshifter) (D:13)
  Maurice (D:9)
  2 moths of wrath
  4 salamanders (Depths:1)
  20 elephants
  2 ice statues (IceCv)
  2 orange demons (Swamp:4)
  12 vault sentinels
  2 black mambas
  A guardian serpent (D:13)
  3 torpor snails
  2 unseen horrors
  Maggie (D:7)
  A spriggan zombie (Depths:2)
  7 cane toads
  14 komodo dragons
  A kobold demonologist (D:12)
  33 yaktaurs
  11 demonic crawlers
  6 tengu conjurers
  2 freezing wraiths (D:14)
  5 rime drakes
  2 hellwings (Depths:3)
  7 ice devils (IceCv)
  A red devil (Depths:3)
  12 meliai
  24 hornets
  Grinder (D:5)
  34 jumping spiders
  A queen bee (shapeshifter) (Elf:2)
  3 trolls
  11 tyrant leeches
  A bloated husk (Swamp:1)
  A queen bee (Lair:5)
  8 blink frogs
  13 polar bears
  2 raiju (Lair:6)
  A snapping turtle (shapeshifter) (Depths:2)
  A deep troll zombie (Depths:1)
  2 air elementals (Elf:2)
  102 redbacks
  2 shadows (Swamp:4)
  A fire dragon skeleton (Depths:1)
  A tarantella (shapeshifter) (Elf:2)
  A wraith (D:14)
  A yak (shapeshifter) (D:13)
  23 yaks
  38 tarantellas
  3 wyverns
  3 water elementals
  8 fire elementals
  A neqoxec (Depths:2)
  3 basilisks
  A small abomination (Swamp:4)
  10 vampire mosquitoes
  A tengu zombie (Depths:1)
  Menkaure (D:5)
  12 swamp worms
  10 wargs
  15 water moccasins
  4 acid dragons
  Duvessa (D:5)
  A floating eye (Depths:4)
  15 hell hounds
  15 black bears
  6 ice beasts
  47 orc warriors
  22 ogres
  A necrophage (D:6)
  36 wolves
  8 boggarts
  28 centaurs
  A phantom (D:6)
  3 kobold brigands
  9 bullfrogs
  4 earth elementals
  2 gnoll sergeants (D:8)
  3 scorpions (Lair:2)
  Dowan (D:5)
  A wyvern zombie (D:7)
  A wyvern skeleton (D:6)
  25 killer bees
  4 wights (D:7)
  6 electric eels
  5 howler monkeys
  A crimson imp (D:7)
  7 centaur zombies
  A hound (D:5)
  22 orc priests
  A gnoll shaman (D:7)
  A jelly (D:6)
  Ijyb (D:5)
  A bullfrog skeleton (D:5)
  Terence (D:3)
  2 iguanas
  15 orc wizards
  A howler monkey skeleton (D:7)
  19 gnolls
  3 adders
  8 white imps
  9 ufetubi
  An adder skeleton (D:4)
  6 worms
  71 orcs
  5 ball pythons
  4 endoplasms
  5 giant cockroaches
  20 goblins
  6 hobgoblins
  16 kobolds
  5 quokkas
  4 bats
  5 frilled lizards
  3 rats
1795 creatures vanquished.

Vanquished Creatures (others)
  An eldritch tentacle (D:15)
  A reaper (IceCv)
  A wizard (Vaults:4)
  An orb spider (Spider:2)
  A spriggan (Swamp:1)
  A water elemental (Elf:1)
  A fire elemental (Elf:2)
  A human (D:14)
  2 white imps (IceCv)
  7 ufetubi (IceCv)
  12 foxfires
  41 fungi
  74 plants
144 creatures vanquished.

Grand Total: 1939 creatures vanquished

Notes
Turn   | Place    | Note
-------+----------+-------------------------------------------
     0 | D:1      | HoaS the Gargoyle Gladiator began the quest for the Orb.
     0 | D:1      | Reached XP level 1. HP: 12/12 MP: 1/1
   125 | D:1      | Reached XP level 2. HP: 14/17 MP: 2/2
   229 | D:1      | Found Faoxt's Antique Weapon Shoppe.
   423 | D:1      | Found a faded altar of an unknown god.
   844 | D:2      | Reached XP level 3. HP: 21/21 MP: 3/3
  2036 | D:3      | Noticed an ogre
  2046 | D:3      | Reached XP level 4. HP: 26/26 MP: 4/4
  2065 | D:3      | Killed an ogre
  2066 | D:3      | Reached skill level 5 in Staves
  2066 | D:3      | Reached XP level 5. HP: 28/30 MP: 5/5
  2100 | D:3      | Noticed Terence
  2108 | D:3      | Killed Terence
  2204 | D:4      | Noticed a kobold brigand
  2223 | D:4      | Killed a kobold brigand
  2224 | D:4      | Reached XP level 6. HP: 30/35 MP: 6/6
  2224 | D:4      | Found Fefan's Distillery.
  2229 | D:4      | Bought a potion of heal wounds for 70 gold pieces
  2237 | D:4      | Found an opulent altar of Gozag.
  2364 | D:4      | Noticed a black bear
  2380 | D:3      | Killed a black bear
  2536 | D:4      | Noticed an orc warrior
  2681 | D:4      | Found a glowing silver altar of Zin.
  2688 | D:4      | Found a hazy altar of Hepliaklqana.
  2739 | D:4      | Found Otosm's Weapon Emporium.
  3541 | D:5      | Entered Level 5 of the Dungeon
  3543 | D:5      | Noticed Duvessa
  3543 | D:5      | Noticed Dowan
  3559 | D:5      | Killed Duvessa
  3560 | D:5      | Reached XP level 7. HP: 39/40 MP: 7/7
  3570 | D:5      | Killed Dowan
  3784 | D:5      | Found a stormy altar of Qazlal.
  3816 | D:5      | Noticed Grinder
  3816 | D:5      | Noticed Menkaure
  3837 | D:5      | Killed Menkaure
  3995 | D:5      | Noticed Ijyb
  4027 | D:5      | Killed Ijyb
  4140 | D:5      | Found a shimmering altar of Xom.
  4479 | D:5      | Killed Grinder
  4480 | D:5      | Reached XP level 8. HP: 44/44 MP: 8/8
  4660 | D:4      | Identified a scroll of acquirement
  4660 | D:4      | Acquired a +3 spectral lajatang
  4706 | D:6      | Found an iron altar of Okawaru.
  4734 | D:6      | Became a worshipper of Warmaster Okawaru
  4753 | D:6      | Reached skill level 1 in Invocations
  4788 | D:6      | Reached skill level 10 in Staves
  5014 | D:6      | Found a glowing golden altar of the Shining One.
  5023 | D:6      | Reached * piety under Okawaru
  5205 | D:6      | Found a hide-covered altar of Uskayaw.
  5839 | D:7      | Found a burning altar of Makhleb.
  5839 | D:7      | Found a radiant altar of Vehumet.
  5846 | D:7      | Reached XP level 9. HP: 47/48 MP: 11/11
  5984 | D:7      | Reached ** piety under Okawaru
  6016 | D:7      | Found a staircase to the Ecumenical Temple.
  6409 | D:7      | Noticed Maggie
  6421 | D:7      | Killed Maggie
  6515 | D:8      | Found a shadowy altar of Dithmenos.
  6999 | D:7      | Reached *** piety under Okawaru
  7001 | D:7      | Reached XP level 10. HP: 41/53 MP: 12/12
  7604 | D:8      | Found a staircase to the Lair.
  8157 | D:9      | Found a staircase to the Orcish Mines.
  8189 | D:9      | Found a flagged portal.
  8262 | Bailey   | Entered a bailey
  8433 | Bailey   | Reached skill level 1 in Armour
  8808 | Bailey   | Identified the +0 tower shield of Qege Rim {Rampage rC++
                  | rN+}
  8947 | Bailey   | Reached skill level 3 in Fighting
  9019 | D:9      | Noticed Maurice
  9024 | D:9      | Reached **** piety under Okawaru
  9355 | D:9      | Killed Maurice
  9584 | D:9      | Noticed an obsidian statue
  9990 | D:10     | Entered Level 10 of the Dungeon
 10109 | D:10     | Reached skill level 4 in Fighting
 10121 | D:10     | Noticed a two-headed ogre
 10124 | D:10     | Noticed Urug
 10128 | D:10     | Killed a two-headed ogre
 10129 | D:10     | Reached XP level 11. HP: 33/62 MP: 12/14
 10135 | D:10     | Killed Urug
 10550 | D:10     | Reached skill level 5 in Fighting
 10550 | D:10     | Reached skill level 5 in Armour
 10550 | D:10     | Reached skill level 5 in Invocations
 10567 | D:10     | Found a sacrificial altar of Ru.
 10936 | D:10     | Found Husi's General Store.
 11552 | Lair:1   | Entered Level 1 of the Lair of Beasts
 11623 | Lair:1   | Noticed a seven-headed hydra
 11632 | Lair:1   | Killed a ten-headed hydra
 11730 | Lair:1   | Identified the +0 leather armour of the Okapi {Fly}
 11765 | Lair:1   | Reached ***** piety under Okawaru
 12051 | Lair:1   | Found a transporter.
 12052 | Lair:1   | Found a transporter.
 12128 | Lair:1   | Noticed a boulder beetle
 12273 | Lair:2   | Reached skill level 6 in Fighting
 12282 | Lair:2   | Reached skill level 5 in Dodging
 12288 | Lair:2   | Found a hole to the Spider Nest.
 12301 | Lair:2   | Noticed a boulder beetle
 12315 | Lair:2   | Killed a boulder beetle
 12325 | Lair:2   | Found a staircase to the Swamp.
 12374 | Lair:1   | Identified Woxkor's Guide on Creative Envenoming
 12382 | Lair:1   | Killed a boulder beetle
 12382 | Lair:1   | Identified the +11 halberd "Caowy" {protect, +Blink Will+
                  | Int-3} (Okawaru gifted it to you on level 1 of the Lair of
                  | Beasts)
 12382 | Lair:1   | Received a gift from Okawaru
 12495 | Lair:2   | Noticed a six-headed hydra
 12520 | Lair:2   | Killed a six-headed hydra
 12521 | Lair:2   | Reached skill level 7 in Fighting
 12521 | Lair:2   | Reached XP level 12. HP: 40/72 MP: 9/17
 12644 | Lair:2   | Noticed a boulder beetle
 12652 | Lair:2   | Killed a boulder beetle
 13226 | Lair:3   | Received a gift from Okawaru
 13227 | Lair:3   | Noticed a catoblepas
 13233 | Lair:3   | Reached skill level 8 in Fighting
 13238 | Lair:3   | Identified the +5 plate armour of the Great Game {rPois rC+
                  | MP+9 Stlth-} (Okawaru gifted it to you on level 3 of the
                  | Lair of Beasts)
 13238 | Lair:3   | Received a gift from Okawaru
 13250 | Lair:3   | Killed a catoblepas
 13250 | Lair:3   | Reached ****** piety under Okawaru
 14438 | Lair:4   | Noticed a death yak
 14439 | Lair:4   | Noticed a death yak
 14441 | Lair:4   | Noticed a death yak
 14443 | Lair:4   | Noticed a death yak
 14443 | Lair:4   | Noticed a death yak
 14448 | Lair:4   | Noticed a death yak
 14456 | Lair:4   | Killed a death yak
 14457 | Lair:4   | Reached skill level 9 in Fighting
 14457 | Lair:4   | Reached XP level 13. HP: 69/80 MP: 19/19
 15364 | Lair:5   | Received a gift from Okawaru
 15714 | Lair:5   | Reached skill level 10 in Fighting
 15714 | Lair:5   | Reached skill level 10 in Armour
 15714 | Lair:5   | Reached skill level 10 in Invocations
 16161 | Lair:5   | Gained mutation: Your large and strong wings let you fly.
                  | [Gargoyle growth]
 16161 | Lair:5   | Reached XP level 14. HP: 44/88 MP: 21/21
 16579 | Lair:6   | Entered Level 6 of the Lair of Beasts
 16901 | Lair:5   | Reached skill level 1 in Bows
 16904 | Lair:5   | Reached skill level 11 in Fighting
 17050 | Lair:5   | Identified the +6 quarterstaff of Forgiveness {vorpal,
                  | Dex+5} (Okawaru gifted it to you on level 5 of the Lair of
                  | Beasts)
 17050 | Lair:5   | Received a gift from Okawaru
 17746 | Lair:6   | Received a gift from Okawaru
 18035 | Lair:5   | Reached skill level 12 in Fighting
 18242 | Lair:6   | Reached skill level 10 in Dodging
 18393 | Lair:6   | Reached XP level 15. HP: 87/97 MP: 22/22
 18504 | Lair:6   | Found a viscous altar of Jiyva.
 18506 | Lair:6   | Found a staircase to the Slime Pits.
 18709 | Lair:6   | Found an ornate altar of the Wu Jian Council.
 19311 | D:11     | Found a frozen archway.
 19323 | IceCv    | Entered an ice cave
 19644 | IceCv    | Received a gift from Okawaru
 20034 | D:11     | Reached skill level 13 in Fighting
 21908 | Orc:1    | Entered Level 1 of the Orcish Mines
 21987 | Orc:1    | Noticed Snorg
 21996 | Orc:1    | Killed Snorg
 22002 | Orc:1    | Noticed Erolcha
 22005 | Orc:1    | Received a gift from Okawaru
 22020 | Orc:1    | Killed Erolcha
 22578 | Orc:1    | Noticed Sonja
 22592 | Orc:1    | Killed Sonja
 22780 | Orc:2    | Entered Level 2 of the Orcish Mines
 23449 | Orc:2    | Identified the +10 plate armour of Okawaru's Inspiration
                  | {rN+ Will++} (Okawaru gifted it to you on level 2 of the
                  | Orcish Mines)
 23449 | Orc:2    | Received a gift from Okawaru
 23531 | Orc:2    | Found Seroimustreepp's Armour Emporium.
 23581 | Orc:2    | Bought the +1 pair of gloves of the Devil's Team {Str+3
                  | Dex+4} for 436 gold pieces
 23900 | Orc:2    | Reached skill level 14 in Fighting
 23928 | Orc:2    | Found Cerphia's Assorted Antiques.
 23954 | Orc:2    | Found Riplor's Assorted Antiques.
 23954 | Orc:2    | Found Dadafica's Magic Scroll Shoppe.
 23954 | Orc:2    | Found Puan's Jewellery Emporium.
 23961 | Orc:2    | Bought a scroll of enchant weapon for 202 gold pieces
 23961 | Orc:2    | Bought a scroll of enchant weapon for 202 gold pieces
 23964 | Orc:2    | Bought a scroll of enchant weapon for 120 gold pieces
 23964 | Orc:2    | Bought a scroll of identify for 32 gold pieces
 23964 | Orc:2    | Bought a scroll of identify for 32 gold pieces
 23964 | Orc:2    | Bought a scroll of blinking for 120 gold pieces
 23964 | Orc:2    | Bought a scroll of identify for 32 gold pieces
 23964 | Orc:2    | Bought a scroll of enchant armour for 120 gold pieces
 23964 | Orc:2    | Bought a scroll of identify for 32 gold pieces
 23983 | Orc:2    | Bought a +4 ring of evasion for 504 gold pieces
 24041 | Orc:2    | Found a staircase to the Elven Halls.
 24470 | D:13     | Reached XP level 16. HP: 87/106 MP: 23/23
 25854 | D:14     | Received a gift from Okawaru
 26553 | Lair:4   | Identified the +0 cloak of Death Resistance {rC+ rN+ Dex+2}
 27620 | D:14     | Found Matiex's Antique Armour Shoppe.
 27693 | D:14     | Noticed Kirke
 27694 | D:14     | You are sucked into a shaft and drop 1 floor!
 27694 | D:15     | Entered Level 15 of the Dungeon
 27718 | D:15     | Found a staircase to the Depths.
 27931 | D:15     | Noticed Agnes
 27938 | D:15     | Killed Agnes
 28305 | D:15     | Found a runed translucent gate.
 28305 | D:15     | Noticed Fautt's ghost (adept DESu)
 28306 | D:15     | Found a runed translucent gate.
 28306 | D:15     | Identified the +3 chain mail of the Six Artisans {rElec rN+
                  | Will- Int+2}
 28307 | D:15     | Found a runed translucent gate.
 28705 | D:15     | Noticed a sphinx
 28739 | D:15     | Killed Fautt's ghost
 28816 | D:15     | Identified the +0 pair of gloves of the Hurricane {Str+4
                  | Int+4 Dex+2}
 28932 | D:14     | Reached skill level 5 in Bows
 28973 | D:14     | Killed Kirke
 28974 | D:14     | Reached XP level 17. HP: 111/111 MP: 24/24
 29114 | D:14     | Found a gate to the Vaults.
 29535 | Spider:1 | Entered Level 1 of the Spider Nest
 29633 | Lair:2   | Received a gift from Okawaru
 30704 | Spider:1 | Received a gift from Okawaru
 30746 | Spider:1 | Reached skill level 10 in Bows
 30772 | Spider:2 | Noticed Jorgrun
 30946 | Spider:2 | Killed Jorgrun
 31407 | Spider:2 | You are sucked into a shaft and drop 1 floor!
 31440 | Spider:3 | Received a gift from Okawaru
 31714 | Spider:2 | You are sucked into a shaft and drop 1 floor!
 31910 | Spider:2 | Identified the +6 quarterstaff of the Toadstool {speed, rN+
                  | Str+6 Int-2} (Okawaru gifted it to you on level 2 of the
                  | Spider Nest)
 31910 | Spider:2 | Received a gift from Okawaru
 32327 | Spider:3 | Acquired a +1 helmet of see invisible
 32816 | Spider:3 | Reached XP level 18. HP: 111/116 MP: 25/25
 33372 | Spider:4 | Entered Level 4 of the Spider Nest
 33593 | Spider:4 | Received a gift from Okawaru
 33981 | Spider:4 | Identified the +0 pair of gloves of Mipot {rPois rN+}
                  | (Okawaru gifted it to you on level 4 of the Spider Nest)
 33981 | Spider:4 | Received a gift from Okawaru
 34484 | Spider:4 | Noticed Mara
 34498 | Spider:4 | Noticed HoaS's illusion
 34617 | Spider:4 | Noticed Louise
 34642 | Spider:4 | Killed Louise
 34643 | Spider:4 | Reached skill level 15 in Bows
 34920 | Spider:4 | Noticed HoaS's illusion
 34961 | Spider:4 | Killed Mara
 35004 | Spider:4 | Got a gossamer rune of Zot
 35151 | Swamp:1  | Entered Level 1 of the Swamp
 35340 | Swamp:1  | Received a gift from Okawaru
 35475 | Swamp:1  | Received a gift from Okawaru
 36089 | Swamp:1  | Received a gift from Okawaru
 36118 | Swamp:1  | Reached XP level 19. HP: 121/121 MP: 26/26
 36317 | Swamp:2  | Received a gift from Okawaru
 37088 | Orc:2    | Bought a scroll of acquirement for 1508 gold pieces
 37088 | Orc:2    | Acquired 783 gold pieces
 37608 | Swamp:3  | Received a gift from Okawaru
 37718 | Swamp:3  | Found an opulent altar of Gozag.
 37926 | Swamp:4  | Entered Level 4 of the Swamp
 38819 | Swamp:4  | Noticed the 27-headed Lernaean hydra
 38850 | Swamp:4  | Killed the 27-headed Lernaean hydra
 38929 | Swamp:4  | Received a gift from Okawaru
 39121 | Swamp:4  | Got a decaying rune of Zot
 39633 | Vaults:1 | Entered Level 1 of the Vaults
 39636 | Vaults:1 | Identified the +0 buckler of Love and Death {rPois rCorr}
                  | (Okawaru gifted it to you on level 1 of the Vaults)
 39636 | Vaults:1 | Received a gift from Okawaru
 39813 | Vaults:1 | Reached XP level 20. HP: 107/127 MP: 27/27
 39981 | Vaults:1 | You are sucked into a shaft and drop 1 floor!
 41259 | Vaults:1 | Found a huge runed gate.
 41259 | Vaults:1 | Found a huge runed gate.
 41259 | Vaults:1 | Found a huge runed gate.
 41259 | Vaults:1 | Found a huge runed gate.
 41259 | Vaults:1 | Found a huge runed gate.
 41259 | Vaults:1 | Found a huge runed gate.
 41259 | Vaults:1 | Found a huge runed gate.
 41259 | Vaults:1 | Found a huge runed gate.
 41261 | Vaults:1 | Found a huge runed gate.
 41262 | Vaults:1 | Found a huge runed gate.
 41267 | Vaults:1 | Found a huge runed gate.
 41267 | Vaults:1 | Found a huge runed gate.
 41267 | Vaults:1 | Found a huge runed gate.
 41267 | Vaults:1 | Found a huge runed gate.
 41267 | Vaults:1 | Found a huge runed gate.
 41267 | Vaults:1 | Found a huge runed gate.
 41268 | Vaults:1 | Found a huge runed gate.
 41269 | Vaults:1 | Found a huge runed gate.
 41277 | Vaults:1 | Found a huge runed gate.
 41288 | Vaults:1 | Received a gift from Okawaru
 41370 | Vaults:1 | Received a gift from Okawaru
 41376 | Vaults:1 | Found a huge runed gate.
 41376 | Vaults:1 | Found a huge runed gate.
 41376 | Vaults:1 | Found a huge runed gate.
 41376 | Vaults:1 | Found a huge runed gate.
 41376 | Vaults:1 | Found a huge runed gate.
 41376 | Vaults:1 | Found a huge runed gate.
 41376 | Vaults:1 | Found a huge runed gate.
 41381 | Vaults:1 | Found a huge runed gate.
 41381 | Vaults:1 | Found a huge runed gate.
 41595 | Vaults:1 | Found a huge runed gate.
 41595 | Vaults:1 | Found a huge runed gate.
 41595 | Vaults:1 | Found a huge runed gate.
 41595 | Vaults:1 | Found a huge runed gate.
 41595 | Vaults:1 | Found a huge runed gate.
 41595 | Vaults:1 | Found a huge runed gate.
 41816 | Vaults:1 | Found a portal to a secret trove of treasure.
 41863 | Vaults:1 | Found a huge runed gate.
 41864 | Vaults:1 | Found a huge runed gate.
 42378 | Vaults:2 | Reached skill level 15 in Fighting
 42378 | Vaults:2 | Reached skill level 15 in Armour
 42409 | Vaults:2 | Noticed a bone dragon
 42419 | Vaults:2 | Killed a bone dragon
 42419 | Vaults:2 | Received a gift from Okawaru
 42425 | Vaults:2 | Found a staircase to the Crypt.
 42633 | Vaults:2 | Received a gift from Okawaru
 42634 | Vaults:2 | Reached XP level 21. HP: 133/134 MP: 28/28
 43004 | Vaults:2 | Received a gift from Okawaru
 43104 | Vaults:3 | Noticed Jory
 43169 | Vaults:2 | Killed Jory
 43682 | Vaults:3 | Received a gift from Okawaru
 43704 | Vaults:3 | Reached skill level 15 in Dodging
 44422 | Vaults:3 | Reached skill level 16 in Fighting
 44460 | Vaults:3 | Received a gift from Okawaru
 44556 | Vaults:3 | Identified the +1 pair of boots of Oxyt {Drain rN+ Str+4
                  | SInv}
 44863 | Vaults:4 | Received a gift from Okawaru
 44967 | Vaults:4 | Received a gift from Okawaru
 45249 | Vaults:4 | Received a gift from Okawaru
 45504 | Vaults:4 | Reached XP level 22. HP: 144/144 MP: 29/29
 45616 | Vaults:4 | Acquired 530 gold pieces
 46542 | Vaults:4 | Received a gift from Okawaru
 46575 | Vaults:4 | Reached skill level 17 in Fighting
 46892 | Depths:1 | Entered Level 1 of the Depths
 46893 | Depths:1 | Upgraded the game from 0.27-a0-1065-ge809cff456 to
                  | 0.27-a0-1071-ga85bd9520d
 46921 | Depths:1 | Found a gateway to a ziggurat.
 46972 | Depths:1 | Noticed Bai Suzhen
 47055 | D:15     | Killed Bai Suzhen
 47132 | Depths:1 | Found an ancient bone altar of Kikubaaqudgha.
 47259 | Depths:1 | Found a gateway to Hell.
 47330 | Depths:1 | Found a one-way gate to the infinite horrors of the Abyss.
 47434 | Depths:1 | Found Joceej's Book Shoppe.
 47434 | Depths:1 | Found Jub Bopp's Jewellery Boutique.
 47435 | Depths:1 | Found Vuot's Jewellery Boutique.
 47642 | Depths:1 | Found a runed translucent gate.
 47642 | Depths:1 | Found a runed translucent gate.
 47644 | Depths:1 | Found a runed translucent gate.
 47644 | Depths:1 | Noticed Ifebehot's ghost (adept DDFi)
 47747 | Depths:2 | Noticed a juggernaut
 47761 | Depths:2 | Killed a juggernaut
 47974 | Depths:2 | Found a hazy altar of Hepliaklqana.
 48762 | Depths:2 | Received a gift from Okawaru
 48798 | Depths:2 | Reached skill level 18 in Fighting
 49129 | Depths:3 | Found a one-way gate leading to the halls of Pandemonium.
 49393 | Depths:3 | Found a magical portal.
 49893 | Depths:4 | Received a gift from Okawaru
 49944 | Depths:4 | Reached XP level 23. HP: 139/152 MP: 30/30
 49999 | Depths:4 | Received a gift from Okawaru
 50251 | Depths:4 | Noticed a golden dragon
 50257 | Depths:4 | Noticed a juggernaut
 50293 | Depths:4 | Killed a juggernaut
 50332 | Depths:4 | Killed a golden dragon
 50333 | Depths:4 | Reached skill level 19 in Fighting
 50495 | Depths:4 | Found Ideon's Book Boutique.
 50495 | Depths:4 | Found Josehu's Assorted Antiques.
 50535 | Depths:4 | Bought a scroll of enchant armour for 255 gold pieces
 50562 | Depths:4 | Found a white marble altar of Elyvilon.
 50975 | Depths:5 | Entered Level 5 of the Depths
 50975 | Depths:5 | Noticed a caustic shrike
 50975 | Depths:5 | Noticed a caustic shrike
 50975 | Depths:5 | Noticed a caustic shrike
 50977 | Depths:5 | Noticed a caustic shrike
 50977 | Depths:5 | Noticed a caustic shrike
 50977 | Depths:5 | Noticed a caustic shrike
 50999 | Depths:4 | Killed a caustic shrike
 51010 | Depths:4 | Killed a caustic shrike
 51199 | Depths:5 | Noticed a caustic shrike
 51226 | Depths:4 | Killed a caustic shrike
 51238 | Depths:4 | Killed a caustic shrike
 51244 | Depths:4 | Received a gift from Okawaru
 51271 | Depths:4 | Killed a caustic shrike
 51284 | Depths:4 | Killed a caustic shrike
 51289 | Depths:4 | Killed a caustic shrike
 51730 | Depths:5 | Reached skill level 20 in Fighting
 51822 | Depths:4 | Reached XP level 24. HP: 163/163 MP: 30/30
 51997 | Depths:5 | Received a gift from Okawaru
 52178 | Depths:5 | Received a gift from Okawaru
 52188 | Depths:5 | Found a gate to the Realm of Zot.
 53075 | Orc:2    | Bought 3 scrolls of acquirement for 2496 gold pieces
 53075 | Orc:2    | Acquired 480 gold pieces
 53077 | Orc:2    | Acquired 474 gold pieces
 53079 | Orc:2    | Acquired 750 gold pieces
 53129 | Elf:1    | Entered Level 1 of the Elven Halls
 54350 | Elf:2    | Reached skill level 21 in Fighting
 54574 | Elf:2    | Found a runed translucent gate.
 54574 | Elf:2    | Found a runed translucent gate.
 54574 | Elf:2    | Found a runed translucent gate.
 54630 | Elf:2    | Noticed Azrael
 54668 | Elf:2    | Killed Azrael
 54800 | Elf:2    | Found Zebuere's Assorted Antiques.
 54867 | Elf:2    | Bought a scroll of teleportation for 78 gold pieces
 54867 | Elf:2    | Bought a potion of heal wounds for 130 gold pieces
 55010 | Elf:2    | Noticed Aizul
 55025 | Elf:2    | Killed Aizul
 55485 | Elf:3    | Entered Level 3 of the Elven Halls
 55507 | Elf:3    | Identified the +1 cloak of Gestures {Will+ Int+3} (Okawaru
                  | gifted it to you on level 3 of the Elven Halls)
 55507 | Elf:3    | Received a gift from Okawaru
 55817 | Elf:3    | Found a shimmering blue altar of Sif Muna.
 56117 | Elf:3    | Identified the ring "Uwiwn" {rElec rPois rCorr}
 56120 | Elf:3    | Identified the +7 demon trident "Killer Bee's Curse" {pain,
                  | rPois rC+ rCorr}
 56131 | Elf:3    | HP: 4/168 [deep elf sorcerer/bolt of acid (28)]
 56131 | Elf:3    | Splashed by a deep elf sorcerer's acid

Illustrated notes

Levels and vault maps discovered:
D:1:      mrwooster_arrival_statue_3, layout_basic, serial_forest,
          infiniplex_forest_clump_medium, infiniplex_forest_straight_4,
          infiniplex_forest_end_1, infiniplex_forest_lined_corner,
          infiniplex_forest_lined_4_way, infiniplex_forest_corner_2,
          infiniplex_forest_lined_3, infiniplex_forest_clump_C,
          hellmonk_ecumenical_altar_crossroads, serial_shops, nicolae_shop_trees
D:2:      layout_basic
D:3:      layout_loops_ring, minmay_ogre_servants, uniq_terence
D:4:      layout_layer_cave, grunt_gozag_breadcrumbs, lemuel_doored_altar,
          lemuel_crystal_altar, serial_shops, shop, shop, lightli_corner_chamber
D:5:      layout_loops_cross, grunt_qazlal_clouds, xom_teletrap_fun,
          uniq_duvessa, uniq_grinder, uniq_ijyb, uniq_menkaure
D:6:      layout_basic, lemuel_coloured_pillars_altar, lemuel_tele_altar,
          okawaru_trees_2
D:7:      layout_loops_cross, grunt_temple_overflow_lords_of_destruction,
          minmay_temple_entry_waves, hangedman_minor_gate_pass, uniq_maggie
D:8:      layout_cave_pods, lemuel_crystal_altar, lair_entry_dummy
D:9:      layout_gridville, orc_david_3, enter_bailey_5, hex_medium,
          minmay_statue_bubble, uniq_maurice
D:10:     layout_stronghold, nicolae_ru_awakened_eye, serial_shops,
          nicolae_shop_waterfront, uniq_urug
D:11:     layout_basic, portal_ice_cave_rime
D:12:     layout_cave_pods
D:13:     minmay_distorted_concentric_squares, layout_long_grid,
          fake_guardian_serpent_vault
D:14:     layout_small_grid, david_vaults_5, roderic_lattice_a, serial_shops,
          shop, uniq_kirke
D:15:     grunt_enter_depths_hoard, layout_basic, biasface_ghost_orc_armoury,
          minmay_misc_feat_cross, grunt_ministairs_6, amethyst_killhole,
          grunt_decor_cap, uniq_agnes
Lair:1:   gammafunk_boulding_lane, layout_misc_corridors, serial_bayou_pond_d
Lair:2:   layout_roguey, minmay_swamp_entry_swarm,
          nicolae_spider_entry_non_spiders
Lair:3:   layout_long_grid, grunt_megastairs_1
Lair:4:   layout_regular_city, cheibrodos_lair_lostbears
Lair:5:   layout_loops_ring, special_room [special_room_bee], st_stairs_5
Lair:6:   hangedman_lair_caniforms_friends, layout_loops_ring, slime_altar_1,
          basic_altar, grunt_megastairs_2, serial_bayou_shore_a,
          minmay_lair_oklob_chamber
Swamp:1:  layout_falls_marsh, nicolae_swamp_very_dense_foliage,
          infiniplex_staircase_pool
Swamp:2:  layout_falls_marsh, evilmike_swamp_ruin_house_5
Swamp:3:  layout_basic_swamp, nicolae_swamp_godswood
Swamp:4:  swamp_vile, layout_basic_swamp
Spider:1: layout_spider_delve, nicolae_spider_checkerboard,
          hangedman_spider_tarantella_strand
Spider:2: layout_spider_delve, uniq_jorgrun
Spider:3: layout_chambers, nicolae_spider_nook
Spider:4: spider_rune_water, nicolae_spider_bzzzt, uniq_louise, uniq_mara
Orc:1:    lemuel_ogre_cave, layout_diamond_mine, uniq_snorg, uniq_sonja
Orc:2:    st_orc_rangers, layout_caves, serial_shops, shop, library_closet
Elf:1:    eino_elf_arrival_customs, layout_onion_city,
          kennysheep_underground_church, abandoned_shop
Elf:2:    layout_gridlike, serial_shops, nicolae_shop_statue_plus, uniq_aizul,
          uniq_azrael
Elf:3:    nooodl_elf_gasket, layout_onion_city, basic_altar,
          nrook_loot_triangle, statue_in_the_mist_lemuel, due_unseen_surprise
Vaults:1: vaults_mumra_chevron, ontoclasm_vaults_tryst,
          vaults_not_door_vault_due, vaults_dpeg_diagonal, v_misc_4,
          nicolae_vaults_circle_grid_a, ontoclasm_vaults_eye,
          hangedman_vaults_hat, v_misc_18, nicolae_vaults_ninety_degrees,
          vaults_dpeg_spiral, v_misc_15, nicolae_vaults_angled_halls,
          vaults_mumra_hexcomb, v_misc_23, nicolae_vaults_rhombus_6,
          vaults_dpeg_hooks, vaults_dpeg_ring, layout_vaults_maze, enter_trove_5
Vaults:2: vaults_dpeg_doors, minmay_crypt_entry_nasty_monster,
          vaults_room_semicircle, v_misc_5, v_pattern_4, vaults_dpeg_cross,
          hangedman_vaults_stretched_pinwheel, vaults_room_grid,
          layout_vaults_omnigrid
Vaults:3: v_pattern_2, serial_ice_h, nicolae_vaults_sealed_display, v_misc_33,
          nicolae_vaults_shelves_hall, v_misc_18, vaults_standard_mumra_lines,
          vaults_mumra_minichess, vaults_dpeg_encased_lava,
          layout_vaults_chaotic_city, uniq_jory
Vaults:4: vaults_mumra_minichess_inversion, vaults_mumra_chevron_long,
          nicolae_vaults_minivaults, v_misc_8, ontoclasm_vaults_decontamination,
          ontoclasm_vaults_hangar, ontoclasm_vaults_pinch, v_rooms_5,
          nicolae_vaults_little_squares_3, v_misc_23,
          nicolae_vaults_border_crossing, v_misc_8, ontoclasm_vaults_idyll,
          vaults_room_fours, ontoclasm_vaults_twist,
          nicolae_vaults_yaktaur_gun_rack, hangedman_vaults_stretched_pinwheel,
          layout_vaults_ring
Depths:1: layout_cave_pools, enter_ziggurat_b, biasface_ghost_demon_polymorph,
          nicolae_abyss_entry_one_way_or_another, grunt_decor_one_mirror,
          grunt_mini_vestibule, serial_sigils_hangedman_stare,
          nicolae_kikubaaqudgha_miasma_corner, minmay_shop_grove,
          uniq_bai_suzhen
Depths:2: minmay_octo_star, layout_basic, hell_entry,
          nzn_hepliaklqana_mist_gate, minmay_staircase_windowed_large
Depths:3: evilmike_marble_ring, layout_cross, infiniplex_enter_wizlab_spiral,
          hex_tiny, abyss_entry, grunt_hell_entry_dis_old,
          rand_demon_pan_entry_3, minmay_staircase_statues_hall_small
Depths:4: evilmike_inaccessible_box, layout_small_grid, hell_entry,
          abyss_entry_small_statue_room, elyvilon_altar_3, minmay_shoptagon,
          minmay_staircase_bubble
Depths:5: grunt_zot_entry_alcove, layout_cave_pools, hell_entry,
          chequers_serial_rivers_micro_d, amcnicky_mini_pool_medium

Skill      XL: |  1  2  3  4  5  6  7  8  9 10 11 12 13 14 15 16 17 18 19 20 21 22 23 24 |
---------------+-------------------------------------------------------------------------+-----
Staves         | 4 5 6 7 9 11 13 14 | 14.0
Invocations    | 3 4 7 9 10 | 10.0
Armour         | 4 7 9 10 12 14 15 16 17 18 19 | 19.6
Fighting       | 4 7 9 10 12 14 15 16 18 20 21 | 21.6
Dodging        | 3 5 7 8 10 11 14 15 16 17 | 17.7
Bows           | 3 5 12 16 19 20 | 20.0
Throwing       | |  1.7

Action                   |  1- 3 |  4- 6 |  7- 9 | 10-12 | 13-15 | 16-18 | 19-21 | 22-24 || total
-------------------------+-------+-------+-------+-------+-------+-------+-------+-------++-------
Melee: Quarterstaff      |   119 |   109 |    85 |     7 |    64 |    18 |    43 |       ||   445
       Lajatang          |       |       |   116 |   334 |   928 |  1517 |  1092 |  1215 ||  5202
       Longbow           |       |       |       |       |       |       |       |    16 ||    16
 Fire: Longbow           |       |       |       |       |     5 |   449 |   976 |   734 ||  2164
Throw: Throwing net      |       |     3 |       |     2 |       |       |       |       ||     5
       Javelin           |       |     1 |       |     8 |       |       |       |       ||     9
       Boomerang         |       |       |       |    50 |       |       |       |       ||    50
       Dart              |       |       |       |    28 |       |       |       |       ||    28
Invok: Heroism           |       |       |       |     4 |     3 |     9 |     5 |     7 ||    28
       Finesse           |       |       |       |     4 |     3 |     9 |     5 |     6 ||    27
Evoke: Wand              |       |       |       |    17 |     2 |    19 |     1 |       ||    39
  Use: Scroll            |     4 |     2 |     9 |     7 |    17 |     5 |     3 |    11 ||    58
       Potion            |       |       |     1 |     3 |       |     5 |       |       ||     9
 Stab: Sleeping          |     1 |       |       |       |       |       |       |       ||     1
       Held in net/web   |       |     2 |       |       |       |       |       |       ||     2
       Distracted        |       |       |       |     1 |    12 |     5 |       |       ||    18
       Petrified         |       |       |       |       |     5 |       |       |       ||     5
Armor: Leather armour    |    43 |       |       |       |       |       |       |       ||    43
       Ring mail         |     2 |     6 |       |       |       |       |       |       ||     8
       Scale mail        |       |    39 |    18 |       |       |       |       |       ||    57
       Chain mail        |       |       |    46 |       |       |       |       |       ||    46
       Steam dragon scal |       |       |    19 |    38 |       |       |       |       ||    57
       Plate armour      |       |       |       |   158 |    88 |  1200 |   715 |   408 ||  2569
       Crystal plate arm |       |       |       |       |   838 |       |       |   196 ||  1034
Dodge: Dodged            |    83 |    53 |   114 |   224 |   525 |  1450 |   827 |   857 ||  4133
       Repelled          |       |       |       |     2 |    12 |     1 |       |       ||    15
Block: Other             |       |       |       |       |       |    20 |       |       ||    20
       Reflection        |       |       |       |       |       |     1 |       |       ||     1

Table legend: (Time is in decaauts)
 A = Elapsed time spent in this place.
 B = Non-inter-level travel time spent in this place.
 C = Inter-level travel time spent in this place.
 D = Time resting spent in this place.
 E = Time spent auto-exploring this place.
 F = Levels seen in this place.
 G = Mean time per level.
                   A        B        C        D        E       F      G
               +--------+--------+--------+--------+--------+-----+--------+
         Total |  52950 |  48006 |   4944 |   9477 |  28563 |  45 | 1176.7 |
       Dungeon |  17746 |  15268 |   2478 |   2907 |  10135 |  15 | 1183.1 |
          Lair |   8490 |   7681 |    809 |   3004 |   3390 |   6 | 1415.0 |
         Swamp |   3449 |   3171 |    278 |    234 |   2143 |   4 |  862.2 |
   Spider Nest |   4986 |   4755 |    231 |    582 |   2740 |   4 | 1246.5 |
  Orcish Mines |   2650 |   2298 |    352 |    833 |    948 |   2 | 1325.0 |
   Elven Halls |   2830 |   2726 |    104 |     98 |   2034 |   3 |  943.3 |
        Vaults |   6224 |   5908 |    316 |    454 |   4058 |   4 | 1556.0 |
        Depths |   5252 |   4880 |    372 |    757 |   2934 |   5 | 1050.4 |
        Bailey |    711 |    711 |      0 |    295 |    119 |   1 |  711.0 |
      Ice Cave |    608 |    608 |      0 |    311 |     61 |   1 |  608.0 |
               +--------+--------+--------+--------+--------+-----+--------+

Top non-repeatable levels by time:
  Lair:5: 2500 daAuts
  Lair:6: 1754 daAuts
    D:10: 1721 daAuts
Vaults:1: 1686 daAuts
Vaults:4: 1657 daAuts
   Orc:1: 1581 daAuts
Spider:3: 1555 daAuts
     D:8: 1523 daAuts
Depths:4: 1521 daAuts
Spider:1: 1495 daAuts
    D:14: 1493 daAuts
     D:9: 1457 daAuts
Vaults:3: 1454 daAuts
Vaults:2: 1426 daAuts
Spider:4: 1414 daAuts
